 Dungeon Crawl Stone Soup version 0.24.1 (webtiles) character file.

Game seed: 15118739003335698914, levelgen mode: deterministic

14911 Frank2 the Basher (level 11, -34/83 HPs)
             Began as a Demonspawn Gladiator on Apr 4, 2020.
             Was an Elder of Makhleb.
             Annihilated by a titanic slime creature (86 damage)
             ... on level 11 of the Dungeon.
             The game lasted 00:24:17 (10655 turns).

Frank2 the Basher (Demonspawn Gladiator)           Turns: 10655, Time: 00:24:18

Health: -34/83     AC: 13    Str: 14    XL:     11   Next: 94%
Magic:  33/33      EV: 15    Int: 10    God:    Makhleb [****..]
Gold:   675        SH:  9    Dex: 20    Spells: 10/10 levels left

rFire    + . .     SeeInvis .   i - +2 whip (elec)
rCold    . . .     Gourm    .   o - +3 buckler
rNeg     . . .     Faith    .   c - +1 ring mail "Goucrinuma" {rF+ MP+9 Stlth+}
rPois    .         Spirit   .   (helmet restricted)
rElec    +         Reflect  .   (no cloak)
rCorr    .         Harm     .   u - +0 pair of gloves
MR       +....                  x - +0 pair of boots
Stlth    ++++......             (no amulet)
HPRegen  0.23/turn              e - ring of protection from magic
MPRegen  0.23/turn              C - ring "Raicvusu" {rElec MP+9 Dex+2}

@: no status effects
A: horns 1, slimy green scales 2, powered by pain 1, spiny 1
a: Minor Destruction, Lesser Servant of Makhleb, Major Destruction, Renounce
Religion


You were on level 11 of the Dungeon.
You worshipped Makhleb.
Makhleb was greatly pleased with you.
You were hungry.

You visited 2 branches of the dungeon, and saw 12 of its levels.
You also visited: Bailey.

You collected 675 gold pieces.

Inventory:

Hand Weapons
 i - a +2 whip of electrocution (weapon)
 m - a +2 flail of draining
 s - a +1 vampiric whip
Armour
 c - the +1 ring mail "Goucrinuma" (worn) {rF+ MP+9 Stlth+}
   (You found it on level 4 of the Dungeon)

   It protects you from fire.
   It affects your magic capacity (+9).
   It makes you more stealthy.
 h - a +1 ring mail
 o - a +3 buckler (worn)
 u - a +0 pair of gloves (worn)
 x - a +0 pair of boots (worn)
Jewellery
 e - a ring of protection from magic (left hand)
 v - an uncursed ring of resist corrosion
 C - the ring "Raicvusu" (right hand) {rElec MP+9 Dex+2}
   (You found it in a bailey)

   [ring of magical power]

   It affects your dexterity (+2).
   It insulates you from electricity.
   It affects your magic capacity (+9).
Wands
 g - a wand of clouds (1)
 p - a wand of digging (8)
 q - a wand of disintegration (27)
 r - a wand of flame (37)
 w - a wand of enslavement (6)
Scrolls
 d - 2 scrolls of remove curse
 t - 4 scrolls of fear
 y - 2 scrolls of fog
 z - 3 scrolls of teleportation
 B - a scroll of enchant armour
Potions
 a - a potion of lignification {unknown}
 b - 3 potions of curing
 j - 3 potions of haste
 l - a potion of cancellation
 n - a potion of heal wounds {unknown}
Miscellaneous
 A - a phial of floods
Comestibles
 f - 16 rations


   Skills:
 + Level 6.9 Fighting
 + Level 10.2 Maces & Flails
 - Level 2.8 Throwing
 + Level 7.1 Armour
 + Level 6.2 Dodging
 - Level 8.0 Stealth
 + Level 4.6 Shields
 * Level 5.8 Invocations
 + Level 2.2 Evocations


You had 10 spell levels left.
You didn't know any spells.
Your spell library contained the following spells:

 Spells                   Type           Power        Failure   Level  Hunger
 Animate Skeleton         Necr           N/A          56%         1    ##.....
 Corona                   Hex            #......      56%         1    ##.....
 Magic Dart               Conj           #...         56%         1    ##.....
 Pain                     Necr           #...         56%         1    ##.....
 Shock                    Conj/Air       #...         56%         1    ##.....
 Blink                    Tloc           N/A          71%         2    ###....
 Call Imp                 Summ           #.......     71%         2    ###....
 Ensorcelled Hibernation  Hex/Ice        #.....       71%         2    ###....
 Slow                     Hex            #.......     71%         2    ###....
 Swiftness                Chrm/Air       #.......     71%         2    ###....
 Confuse                  Hex            #.......     91%         3    ####...
 Conjure Flame            Conj/Fire      #.......     91%         3    ####...
 Dazzling Spray           Conj/Hex       #.....       91%         3    ####...
 Mephitic Cloud           Conj/Pois/Air  #.......     91%         3    ####...
 Regeneration             Chrm/Necr      #.........   91%         3    ####...
 Static Discharge         Conj/Air       #.......     91%         3    ####...
 Tukima's Dance           Hex            #.......     91%         3    ####...
 Vampiric Draining        Necr           #.........   91%         3    ####...
 Airstrike                Air            #.........   100%        4    #####..
 Animate Dead             Necr           N/A          100%        4    #####..
 Bolt of Magma            Conj/Fire/Erth #.........   100%        5    ######.
 Iskenderun's Battlesphe  Conj/Chrm      #.......     100%        5    ######.
 Lightning Bolt           Conj/Air       #.........   100%        5    ######.
 Venom Bolt               Conj/Pois      #.........   100%        5    ######.
 Iron Shot                Conj/Erth      #.........   100%        6    #######
 Orb of Destruction       Conj           #.........   100%        7    #######
 Spellforged Servitor     Conj/Summ      #.........   100%        7    #######


Dungeon Overview and Level Annotations

Branches:
Dungeon (11/15)            Temple (1/1) D:7            Lair (0/6) D:9
    Orc (0/2) D:11         Bailey (visited)

Altars:
Ashenzari
Dithmenos
Elyvilon
Fedhas
Gozag
Hepliaklqana
Kikubaaqudgha
Makhleb
Nemelex Xobeh
Okawaru
Qazlal
Ru
Sif Muna
Trog
Vehumet
Wu Jian
Xom
Yredelemnul
Zin
The Shining One

Shops:
D:7 ?


Innate Abilities, Weirdness & Mutations

You have a pair of small horns on your head.
You are mostly covered in slimy green scales. (AC +3)
You sometimes gain a little power by taking damage.
You are partially covered in sharp spines.


Message History

Aiming: Disintegrate
Press: ? - help, Shift-Dir - straight line, f - titanic slime creature
Aim: a titanic slime creature (heavily wounded, chance to defeat MR: 58%)
The titanic slime creature resists with significant effort.
Evoke which item? (* to show all) (? for menu, Esc to quit)
Aiming: Disintegrate
Press: ? - help, Shift-Dir - straight line, f/p - titanic slime creature
Aim: a titanic slime creature (heavily wounded, chance to defeat MR: 58%)
The titanic slime creature is blasted!!
Evoke which item? (* to show all) (? for menu, Esc to quit)
Okay, then.
Evoke which item? (* to show all) (? for menu, Esc to quit)
Aiming: Disintegrate
Press: ? - help, Shift-Dir - straight line, f/p - titanic slime creature
Aim: a titanic slime creature (heavily wounded, chance to defeat MR: 58%)
The titanic slime creature is blasted!
The titanic slime creature is struck by your spines.
The titanic slime creature hits you!!!!
Ouch! That really hurt!
You die...

#.###.##..##..........#...#*,#.
#.........###.###.###.###.#*,#.
#####.###.###.###.# #.# #.#*,#.
####.###.........# #.###.##.#.
#.......####+##### #........#.
#.#####.###...## #####.####.
#.# #.##.....## ###.# #. #.#
#.#.......## ##.#.# #. ##.#
#.....J@...####....#####
#..#####......[[[.'............
##................####..(.#####
##.#####........## ##..##
#####†#####...)...## ##.#
..........##.)∩).## #.#
##.##.###.##..)..# #.# #,*#.#
*,*#.....# #.# *,,..#
*,*####.## #.#


You could see a titanic slime creature.

Vanquished Creatures
  A hydra (D:11)
  Harold (D:8)
  A two-headed ogre (D:8)
  An unseen horror (D:10)
  A cyclops (D:11)
  2 orc knights (Bailey)
  An ugly thing (D:11)
  A centaur zombie (D:10)
  Joseph (D:9)
  4 gargoyles (D:10)
  2 hippogriffs
  2 shadows (D:11)
  2 wyverns
  5 yaks
  3 vampire mosquitoes (D:8)
  Edmund (D:4)
  2 wargs (D:9)
  A water moccasin (D:11)
  A sky beast (D:5)
  5 ice beasts
  8 orc warriors
  2 eyes of draining (D:10)
  2 phantoms
  4 ogres
  16 centaurs
  2 big kobolds
  5 bullfrogs
  6 scorpions
  10 killer bees
  5 howler monkeys
  The ghost of Tartanist the Caller, a weakling DrSu (D:3)
  4 crimson imps
  A quasit (D:7)
  A bullfrog zombie (D:8)
  2 jellies
  5 orc priests
  4 hounds
  10 orc wizards
  4 bullfrog skeletons
  2 centaur skeletons
  3 iguanas
  5 worker ants
  2 worker ant zombies
  15 gnolls
  10 adders
  2 shadow imps
  An ooze (D:6)
  2 adder zombies
  5 worms
  4 adder skeletons
  A dart slug (D:1)
  3 leopard geckos
  36 orcs
  5 bats
  6 giant cockroaches
  12 goblins
  8 hobgoblins
  26 kobolds
  5 quokkas
  3 ball pythons
  5 frilled lizards
  A leopard gecko skeleton (D:4)
  A leopard gecko zombie (D:8)
  7 rats
300 creatures vanquished.

Vanquished Creatures (others)
  A leopard gecko (D:6)
1 creature vanquished.

Grand Total: 301 creatures vanquished

Notes
Turn   | Place    | Note
-------+----------+-------------------------------------------
     0 | D:1      | Frank2 the Demonspawn Gladiator began the quest for the
                  | Orb.
     0 | D:1      | Reached XP level 1. HP: 16/16 MP: 1/1
   176 | D:1      | Gained mutation: You are partially covered in slimy green
                  | scales. (AC +2) [demonic ancestry]
   176 | D:1      | Reached XP level 2. HP: 17/22 MP: 2/2
   289 | D:1      | Reached skill level 3 in Maces & Flails
   648 | D:1      | Reached XP level 3. HP: 27/27 MP: 3/3
  1163 | D:2      | Gained mutation: You have a pair of small horns on your
                  | head. [demonic ancestry]
  1163 | D:2      | Reached XP level 4. HP: 33/33 MP: 4/4
  1610 | D:3      | Found a transporter.
  1624 | D:3      | Found a transporter.
  1624 | D:3      | Noticed Tartanist's ghost (weakling DrSu)
  1668 | D:3      | Reached skill level 4 in Maces & Flails
  1737 | D:3      | Found a glowing silver altar of Zin.
  1931 | D:3      | Killed Tartanist's ghost
  1931 | D:3      | Reached skill level 1 in Armour
  1931 | D:3      | Gained mutation: You are partially covered in sharp spines.
                  | [demonic ancestry]
  1931 | D:3      | Reached XP level 5. HP: 34/39 MP: 5/5
  2142 | D:4      | Got an agate-encrusted ring mail
  2202 | D:4      | Noticed Edmund
  2205 | D:4      | Noticed an ogre
  2216 | D:4      | Killed Edmund
  2216 | D:4      | Reached XP level 6. HP: 26/46 MP: 6/6
  2604 | D:4      | Reached skill level 5 in Maces & Flails
  2632 | D:4      | Reached skill level 1 in Stealth
  2725 | D:4      | Identified the +1 ring mail "Goucrinuma" {rF+ MP+9 Stlth+}
                  | (You found it on level 4 of the Dungeon)
  2739 | D:5      | Entered Level 5 of the Dungeon
  2761 | D:5      | Reached XP level 7. HP: 52/52 MP: 7/7
  2784 | D:5      | Found the +6 shillelagh "Devastator" {shatter}
  2855 | D:5      | Found an ancient bone altar of Kikubaaqudgha.
  3166 | D:5      | Reached skill level 6 in Maces & Flails
  3166 | D:5      | Gained mutation: You sometimes gain a little power by
                  | taking damage. [demonic ancestry]
  3166 | D:5      | Reached XP level 8. HP: 34/60 MP: 8/8
  4269 | D:6      | Found a shadowy altar of Dithmenos.
  4637 | D:6      | Found a blossoming altar of Fedhas.
  4780 | D:7      | Reached skill level 5 in Armour
  4797 | D:7      | Reached skill level 7 in Maces & Flails
  4927 | D:7      | Found a staircase to the Ecumenical Temple.
  4940 | D:7      | Gained mutation: You are mostly covered in slimy green
                  | scales. (AC +3) [demonic ancestry]
  4940 | D:7      | Reached XP level 9. HP: 66/66 MP: 9/9
  5160 | D:7      | Reached skill level 1 in Shields
  5168 | D:7      | Found a stormy altar of Qazlal.
  5279 | D:7      | Found Ryheq's Magic Scroll Emporium.
  5385 | Temple   | Entered the Ecumenical Temple
  5393 | Temple   | Became a worshipper of Makhleb the Destroyer
  5809 | D:8      | Reached skill level 5 in Fighting
  5809 | D:8      | Reached skill level 5 in Dodging
  5842 | D:8      | Noticed Harold
  5864 | D:8      | Reached skill level 8 in Maces & Flails
  5868 | D:8      | Killed Harold
  5985 | D:8      | Noticed a two-headed ogre
  5996 | D:8      | Killed a two-headed ogre
  5996 | D:8      | Reached XP level 10. HP: 37/74 MP: 10/10
  6256 | D:8      | Reached skill level 5 in Stealth
  6527 | D:8      | Reached * piety under Makhleb
  7134 | D:9      | Found a staircase to the Lair.
  7205 | D:9      | Reached skill level 1 in Evocations
  7307 | D:9      | Noticed Joseph
  7321 | D:9      | Killed Joseph
  7321 | D:9      | Reached skill level 9 in Maces & Flails
  7792 | D:9      | Got a twitching bronze ring
  7802 | D:9      | Got a brightly glowing leather armour
  7804 | D:9      | Identified the +1 leather armour of Voacw {Str+2 Int+3
                  | Slay-5} (You found it on level 9 of the Dungeon)
  7805 | D:9      | Identified the ring of the Present {Int+4 Stlth+} (You
                  | found it on level 9 of the Dungeon)
  7950 | D:10     | Entered Level 10 of the Dungeon
  8044 | D:10     | Reached ** piety under Makhleb
  8114 | D:10     | Noticed a gargoyle
  8138 | D:10     | Killed a gargoyle
  8354 | D:10     | Noticed a gargoyle
  8380 | D:10     | Killed a gargoyle
  8390 | D:10     | Noticed a gargoyle
  8409 | D:10     | Killed a gargoyle
  8409 | D:10     | Reached XP level 11. HP: 31/81 MP: 11/11
  8679 | D:10     | Reached skill level 1 in Invocations
  9071 | D:10     | Killed an unseen horror
  9228 | D:10     | Reached *** piety under Makhleb
  9511 | D:11     | Noticed a red ugly thing
  9529 | D:11     | Killed a red ugly thing
  9576 | D:11     | Found a flagged portal.
  9598 | Bailey   | Entered a bailey
  9613 | Bailey   | Noticed an orc knight
  9617 | Bailey   | Noticed an orc knight
  9738 | Bailey   | Killed an orc knight
  9746 | Bailey   | Killed an orc knight
  9782 | Bailey   | Got a glittering marble ring
  9783 | Bailey   | Identified the ring "Raicvusu" {rElec MP+9 Dex+2} (You
                  | found it in a bailey)
  9840 | Bailey   | Reached **** piety under Makhleb
  9873 | D:11     | Reached skill level 10 in Maces & Flails
  9959 | D:11     | Reached skill level 5 in Invocations
 10208 | D:11     | Noticed a four-headed hydra
 10231 | D:11     | Killed a four-headed hydra
 10399 | D:11     | Found a staircase to the Orcish Mines.
 10655 | D:11     | Annihilated by a titanic slime creature

Levels and vault maps discovered:
D:1:      minmay_arrival_wavy_path, layout_basic
D:2:      layout_loops_cross, st_stairs_14
D:3:      layout_basic, zin_statuary, gammafunk_ghost_mausoleum
D:4:      layout_loops_ring, first_ration, uniq_edmund
D:5:      layout_gridville, kiku_gazebo_garden_becter
D:6:      layout_loops_ring, nicolae_overflow_hidden_temple, lemuel_round_altar,
          chequers_serial_rivers_micro_c
D:7:      layout_loops_cross, kennysheep_mini_moat, minmay_temple_entry_tees,
          serial_shops, shop
D:8:      layout_gridville, uniq_harold
D:9:      layout_stronghold, erik_lair_orcish_takeover, serial_rivers,
          chequers_serial_rivers_room_b, chequers_serial_rivers_small_3,
          chequers_serial_rivers_micro_e, chequers_serial_rivers_room_a,
          minmay_circle_x, uniq_joseph
D:10:     cheibrodos_statue_roulette, layout_loops_ring
D:11:     layout_loops_corners, orc_0_dummy, enter_bailey_2
Temple:   nicolae_temple_no_exploring_needed

Skill      XL: |  1  2  3  4  5  6  7  8  9 10 11 |
---------------+----------------------------------+-----
Dodging        | 3 4 5 6 |  6.2
Throwing       | 2 |  2.8
Maces & Flails | 3 4 5 6 7 8 9 10 | 10.2
Armour         | 1 2 3 5 6 7 |  7.1
Fighting       | 3 4 5 6 |  6.9
Stealth        | 1 3 4 6 8 |  8.0
Shields        | 2 3 4 |  4.6
Evocations     | 1 2 |  2.2
Invocations    | 5 |  5.8

Action                   |  1- 3 |  4- 6 |  7- 9 | 10-12 || total
-------------------------+-------+-------+-------+-------++-------
Melee: Flail             |    59 |       |   174 |    17 ||   250
       Whip              |    55 |   121 |    59 |   527 ||   762
       Headbutt          |       |    19 |    46 |   151 ||   216
Throw: Throwing net      |       |     3 |     2 |       ||     5
Evoke: Wand              |       |       |     5 |    29 ||    34
  Use: Scroll            |     3 |     8 |     1 |    12 ||    24
       Potion            |     1 |     3 |     2 |     3 ||     9
 Stab: Held in net/web   |       |     2 |     4 |       ||     6
       Sleeping          |       |       |     5 |    18 ||    23
       Distracted        |       |       |     1 |     1 ||     2
       Paralysed         |       |       |     3 |    35 ||    38
  Eat: Chunk             |       |     5 |     8 |    11 ||    24
       Ration            |       |       |     1 |     1 ||     2
Armor: Ring mail         |    44 |    46 |    64 |   101 ||   255
Dodge: Dodged            |    84 |    47 |   119 |   225 ||   475
Block: Buckler           |       |       |    60 |   181 ||   241
